 Dungeon Crawl Stone Soup version 0.24-a0-271-ga0fc33f (webtiles) character file.

Game seed: 9171334248803208974

86467 Lanoc the Impaler (level 15, 0/190 HPs)
             Began as a Merfolk Abyssal Knight on Apr 23, 2019.
             Was the Champion of Lugonu.
             Shot with a bolt by a naga sharpshooter (3 damage)
             ... on level 2 of the Lair of Beasts on Apr 24, 2019.
             The game lasted 01:25:47 (34767 turns).

Lanoc the Impaler (Merfolk Abyssal Knight)         Turns: 34767, Time: 01:25:48

Health: 0/190      AC: 39    Str: 20    XL:     15   Next: 87%
Magic:  25/25      EV: 17    Int: 16    God:    Lugonu [******]
Gold:   172        SH:  0    Dex: 18    Spells: 14/14 levels left

rFire    + . .     SeeInvis .   A - +8 glaive of the Mosquito {drain, rF+ rC- Int+5}
rCold    x . .     Gourm    .   (shield currently unavailable)
rNeg     . . .     Faith    .   Y - +27 Lear's hauberk
rPois    +         Spirit   .   (helmet currently unavailable)
rElec    .         Reflect  .   G - +2 cloak {MR+}
rCorr    .         Harm     .   (gloves currently unavailable)
MR       ++...                  (boots currently unavailable)
Stlth    ..........             N - amulet of the acrobat
HPRegen  0.41/turn              y - +3 ring of slaying
MPRegen  0.19/turn              a - ring of poison resistance

@: berserking, lethally poisoned (0 -> -1), studying Throwing, lightly drained,
very quick
A: change form in water, swift swim, stealthy swim
a: Depart the Abyss, Bend Space, Banish, Corrupt, Enter the Abyss, Brand Weapon
With Distortion, Renounce Religion


You were on level 2 of the Lair of Beasts.
You worshipped Lugonu.
Lugonu was exalted by your worship.
You were hungry.

You visited 5 branches of the dungeon, and saw 25 of its levels.
You visited the Abyss 1 time.

You collected 2262 gold pieces.
You spent 2090 gold pieces at shops.

Inventory:

Hand Weapons
 A - the +8 glaive of the Mosquito (weapon) {drain, rF+ rC- Int+5}
   (You bought it in a shop on level 2 of the Orcish Mines)

   A truly terrible weapon, it drains the life of those it strikes.
   It affects your intelligence (+5).
   It protects you from fire.
   It makes you vulnerable to cold.
 O - a +2 trident of freezing
 R - a +1 bardiche of electrocution
Missiles
 V - 8 curare-tipped needles
Armour
 k - a +2 chain mail of cold resistance
 B - a +0 hat of magic resistance
 G - a +2 cloak of magic resistance (worn)
 T - +0 steam dragon scales
 Y - the +27 Lear's hauberk (worn)
   (You bought it in a shop on level 6 of the Dungeon)
Jewellery
 a - a ring of poison resistance (right hand)
 p - an uncursed ring of protection from cold
 y - a +3 ring of slaying (left hand)
 J - an uncursed ring of positive energy
 N - an amulet of the acrobat (around neck)
 Q - an uncursed ring of protection from fire
 Z - an uncursed ring of protection from magic
Wands
 d - a wand of iceblast (17)
 e - a wand of clouds (6)
 l - a wand of scattershot (11)
 m - a wand of acid (19)
 W - a wand of digging (11)
Scrolls
 f - 8 scrolls of remove curse
 g - a scroll of immolation
 h - 4 scrolls of magic mapping
 j - 8 scrolls of identify
 n - 2 scrolls of summoning
 o - 11 scrolls of teleportation
 q - 4 scrolls of enchant armour
 u - 3 scrolls of fear
 z - 3 scrolls of blinking
 D - a scroll of holy word
 H - a scroll of silence
 K - 2 scrolls of amnesia
 P - 3 scrolls of fog
Potions
 b - 2 potions of mutation
 i - a potion of curing
 r - 4 potions of brilliance
 s - a potion of agility
 v - 2 potions of flight
 x - 2 potions of ambrosia
 C - a potion of magic
 L - 2 potions of might
 S - a potion of resistance
 X - 2 potions of lignification
Books
 I - a manual of Throwing
Miscellaneous
 w - a crystal ball of energy
 F - a lightning rod (4/4)
 M - a box of beasts
 U - a lamp of fire
Comestibles
 c - 40 rations


   Skills:
 + Level 14.7(14.1) Fighting
 + Level 18.5(17.7) Polearms
 + Level 3.4(2.9) Armour
 + Level 16.8(16.0) Dodging
   Level 4.0(3.5) Shields
 + Level 14.5(13.8) Invocations


You had 14 spell levels left.
You didn't know any spells.
Your spell library contained the following spells:

 Spells                   Type           Power        Failure   Level  Hunger
 Animate Skeleton         Necr           N/A          95%         1    ##.....
 Apportation              Tloc           #.....       95%         1    ##.....
 Confusing Touch          Hex            #.....       95%         1    ##.....
 Magic Dart               Conj           #...         95%         1    ##.....
 Shock                    Conj/Air       #...         95%         1    ##.....
 Summon Small Mammal      Summ           #...         95%         1    ##.....
 Blink                    Tloc           N/A          99%         2    ###....
 Call Imp                 Summ           #.......     99%         2    ###....
 Poisonous Vapours        Pois/Air       #.....       99%         2    ###....
 Slow                     Hex            #.......     99%         2    ###....
 Swiftness                Chrm/Air       #.......     99%         2    ###....
 Conjure Flame            Conj/Fire      #.......     100%        3    ####...
 Ignite Poison            Fire/Tmut/Pois #.......     100%        3    ####...
 Mephitic Cloud           Conj/Pois/Air  #.......     100%        3    ####...
 Recall                   Summ/Tloc      N/A          100%        3    ####...
 Spider Form              Tmut/Pois      #.........   100%        3    ####...
 Static Discharge         Conj/Air       #.......     100%        3    ####...
 Airstrike                Air            #.........   100%        4    #####..
 Animate Dead             Necr           N/A          100%        4    #####..
 Borgnjor's Vile Clutch   Necr/Erth      #.........   100%        5    ######.
 Excruciating Wounds      Chrm/Necr      #.........   100%        5    ######.
 Fireball                 Conj/Fire      #.........   100%        5    ######.
 Lightning Bolt           Conj/Air       #.........   100%        5    ######.
 Bolt of Fire             Conj/Fire      #.........   100%        6    #######
 Death Channel            Necr           #.........   100%        6    #######
 Simulacrum               Ice/Necr       #.........   100%        6    #######
 Ring of Flames           Chrm/Fire      #.........   100%        7    #######
 Ignition                 Fire           #.........   100%        8    #######


Dungeon Overview and Level Annotations

Branches:
Dungeon (15/15)            Temple (1/1) D:6            Lair (6/6) D:11
 Shoals (0/4) Lair:2        Snake (1/4) Lair:2        Slime (0/5) Lair:6
    Orc (2/2) D:9             Elf (0/3) Orc:2        Vaults (0/5) D:13
 Depths: D:15

Altars:
Ashenzari
Dithmenos
Elyvilon
Fedhas
Hepliaklqana
Kikubaaqudgha
Makhleb
Okawaru
Qazlal
Sif Muna
Trog
Vehumet
Wu Jian
Xom
Zin
Beogh
Jiyva
Lugonu

Shops:
D:6 [=**   D:9 }=[[   D:10 }   D:15 %   Orc:2 =([}   Snake:1 *

Annotations:
D:6 3 runed translucent doors, exclusion: statue, p0werm0de's ghost, novice DsWn
D:8 1 runed translucent door, zard0z's ghost, novice DrFE
D:15 2 transporters, DavidChitty2's ghost, journeyman HOAK


Message History

You are poisoned.
You resist.
A red film seems to cover your vision as you go berserk!
You feel yourself moving faster!
You feel mighty!
You feel sick. The black mamba completely misses you.
The black mamba bites you but does no damage.
The naga sharpshooter gestures wildly while chanting.
The naga sharpshooter magically shoots a bolt.
The bolt hits you!
* * * LOW HITPOINT WARNING * * *
The bolt freezes you.
* * * LOW HITPOINT WARNING * * *
You barely miss the naga sharpshooter. The black mamba closely misses you.
You slice the naga sharpshooter!! You drain the naga sharpshooter!
The naga sharpshooter is heavily wounded.
You feel sick. The black mamba barely misses you.
The naga sharpshooter shoots a bolt.
The bolt hits you!
* * * LOW HITPOINT WARNING * * *
The bolt freezes you.
You die...

###...## ##.....## #....#
....#+###### #....#.##### ##..##
...........#####.##+.[..# #.##
.........###.##...##...## ##..#
.............#.....#...#####...##
........>..###.....##..##.##P.#.#
..........###..###..#..'.>.......
..........# #..N....#..##..P..#..
#'#....##.# #...@...##.####...###
#..#.###### #..S....###.# ###..#
##...### #..###..# ### ##..#
##.....# ##.....#########..###
P##.##'## #.....#...##.#.#'###
........### ###...##..+..#.......
.......<#.###.##.##...P..........
.........#.#P.........#P..#......
..........###.........##P.#..<...


You could see a naga sharpshooter and a black mamba.

Vanquished Creatures
  Gastronok (D:8)
  An orc warlord (Orc:2)
  A stone giant (Orc:2)
  Snorg (D:13)
  A fire dragon (Lair:6)
  Josephine (Orc:1)
  Harold (D:8)
  3 vault guards (D:13)
  6 hydras
  2 anacondas (Snake:1)
  A centaur warrior (D:13)
  3 two-headed ogres
  Erica (D:9)
  3 death yaks
  3 orc high priests (Orc:2)
  Nergalle (D:11)
  4 wizards (D:13)
  Pikel (D:7)
  3 orc knights
  A lindwurm (Lair:6)
  13 ugly things
  A wolf spider (D:15)
  2 orc sorcerers (Orc:2)
  A necromancer (D:13)
  3 cyclopes
  4 elephants (Lair:5)
  3 manticores
  Maurice (D:11)
  5 black mambas
  8 spiny frogs
  2 molten gargoyles (Lair:6)
  A gargoyle (D:11)
  A rime drake (Lair:2)
  An efreet (D:15)
  11 komodo dragons
  A tengu conjurer (D:11)
  A kobold demonologist (D:12)
  4 trolls
  A queen bee (Lair:3)
  2 polar bears
  Prince Ribbit (D:8)
  3 blink frogs (Lair:3)
  5 slime creatures
  3 water elementals
  16 hippogriffs
  A spriggan (shapeshifter) (D:13)
  2 spriggans
  4 wraiths
  51 yaks
  9 wyverns
  3 steam dragons (Lair:6)
  17 humans (D:13)
  3 vampire mosquitoes (D:14)
  A hungry ghost (D:13)
  8 basilisks
  3 wargs
  An acid dragon (D:12)
  Duvessa (D:6)
  4 nagas (Lair:2)
  A soldier ant (D:10)
  14 water moccasins
  8 porcupines
  4 hell hounds (Lair:6)
  54 orc warriors
  A black bear (Lair:3)
  2 hornet zombies (D:13)
  A sky beast (D:15)
  14 ogres
  A slave (D:6)
  A phantom (D:7)
  7 ice beasts
  7 centaurs
  3 wolves (Lair:3)
  20 crocodiles
  2 big kobolds
  9 bullfrogs
  5 gnoll sergeants (D:9)
  Dowan (D:6)
  5 scorpions
  32 killer bees
  3 wights (D:10)
  3 howler monkeys
  6 electric eels
  9 crimson imps
  4 lava snakes (Lair:6)
  2 quasits
  5 bullfrog zombies
  A bullfrog skeleton (D:12)
  A gnoll shaman (D:6)
  5 hounds
  23 orc priests
  3 centaur skeletons
  6 jellies
  38 orc wizards
  Crazy Yiuf (D:7)
  9 iguanas
  10 hell rats
  5 worker ants
  A hound skeleton (D:6)
  A worker ant zombie (D:10)
  13 gnolls
  A howler monkey skeleton (D:9)
  7 adders
  A shadow imp (D:3)
  5 oozes
  An adder skeleton (D:5)
  4 worms
  3 dart slugs
  14 leopard geckos
  118 orcs
  2 ball pythons
  5 bats
  5 giant cockroaches
  5 hobgoblins
  22 jackals
  8 quokkas
  6 frilled lizards
  6 goblins
  2 jackal zombies
  14 kobolds
  A leopard gecko zombie (D:6)
  A quokka skeleton (D:5)
  9 rats
822 creatures vanquished.

Vanquished Creatures (others)
  2 slaves (D:7)
  A gnoll shaman (D:3)
  2 bushes
  15 fungi
  19 plants
39 creatures vanquished.

Grand Total: 861 creatures vanquished

Notes
Turn   | Place    | Note
-------+----------+-------------------------------------------
     0 | Abyss:1  | Lanoc the Merfolk Abyssal Knight began the quest for the
                  | Orb.
     0 | Abyss:1  | Reached XP level 1. HP: 18/18 MP: 2/2
    40 | Abyss:1  | Noticed an orange demon
    42 | D:1      | Escaped the Abyss
   101 | D:1      | Reached * piety under Lugonu
   143 | D:1      | Reached XP level 2. HP: 20/24 MP: 3/3
   264 | D:2      | Found a glowing silver altar of Zin.
   269 | D:2      | Found a white marble altar of Elyvilon.
   270 | D:2      | Found a shattered altar of Ashenzari.
   434 | D:2      | Reached skill level 1 in Armour
   450 | D:2      | Reached XP level 3. HP: 21/29 MP: 4/4
   622 | D:2      | Reached skill level 4 in Polearms
   839 | D:3      | Reached XP level 4. HP: 31/37 MP: 5/5
  1170 | D:3      | Reached ** piety under Lugonu
  1211 | D:3      | Reached XP level 5. HP: 39/42 MP: 7/7
  1440 | D:4      | Got a pitted dagger
  1441 | D:4      | Identified the +4 dagger "Lunintu" {chaos, rElec Int+3
                  | Dex-3} (You found it on level 4 of the Dungeon)
  1452 | D:4      | Reached skill level 5 in Polearms
  1938 | D:4      | Reached XP level 6. HP: 27/48 MP: 8/8
  2412 | D:4      | Reached skill level 6 in Polearms
  2766 | D:3      | Reached XP level 7. HP: 9/55 MP: 9/9
  3779 | D:5      | Entered Level 5 of the Dungeon
  3990 | D:4      | Reached skill level 7 in Polearms
  4515 | D:4      | Reached skill level 5 in Dodging
  4704 | D:5      | Reached skill level 5 in Fighting
  5147 | D:6      | Reached *** piety under Lugonu
  5148 | D:6      | Found a staircase to the Ecumenical Temple.
  5160 | D:6      | Reached XP level 8. HP: 53/62 MP: 3/11
  5180 | Temple   | Entered the Ecumenical Temple
  5239 | D:6      | Reached skill level 8 in Polearms
  5345 | D:6      | Found Fuyschudgh's Armour Shop.
  5370 | D:6      | Found a radiant altar of Vehumet.
  5475 | D:6      | Found Ixziczau's Jewellery Shoppe.
  5485 | D:6      | Found Muilila's Assorted Antiques.
  5506 | D:6      | Bought a scroll labeled FIKUJI QATTYO for 20 gold pieces
  5513 | D:6      | Found a runed translucent gate.
  5514 | D:6      | Found a runed translucent gate.
  5515 | D:6      | Found a runed translucent gate.
  5516 | D:6      | Noticed p0werm0de's ghost (novice DsWn)
  5578 | D:6      | Found Run Ygiw's General Store.
  6038 | D:6      | Found a blossoming altar of Fedhas.
  6045 | D:6      | Found a burning altar of Makhleb.
  6050 | D:6      | Found a hazy altar of Hepliaklqana.
  6057 | D:6      | Found a deep blue altar of Sif Muna.
  6062 | D:6      | Found an ornate altar of the Wu Jian Council.
  6073 | D:6      | Found a shadowy altar of Dithmenos.
  6080 | D:6      | Found a bloodstained altar of Trog.
  6183 | D:7      | Noticed Dowan
  6186 | D:7      | Noticed Duvessa
  6202 | D:6      | Reached skill level 9 in Polearms
  6204 | D:6      | Reached skill level 5 in Invocations
  6249 | D:6      | Killed Duvessa
  6264 | D:6      | Killed Dowan
  6402 | D:7      | Noticed Pikel
  6525 | D:7      | Killed Pikel
  6525 | D:7      | Reached skill level 10 in Polearms
  6525 | D:7      | Reached XP level 9. HP: 24/71 MP: 3/13
  6856 | D:7      | Reached **** piety under Lugonu
  7120 | D:7      | Found a stormy altar of Qazlal.
  7182 | D:7      | Reached skill level 11 in Polearms
  7188 | D:7      | Got a steaming large shield
  7194 | D:7      | Identified the cursed +0 large shield of the Blacksmith
                  | {Int+8} (You found it on level 7 of the Dungeon)
  7533 | D:7      | Found a runed translucent door.
  7534 | D:7      | Noticed Crazy Yiuf
  7544 | D:7      | Killed Crazy Yiuf
  7668 | D:8      | Found an iron altar of Okawaru.
  7703 | D:8      | Noticed zard0z's ghost (novice DrFE)
  7704 | D:8      | Found a runed translucent door.
  7730 | D:8      | Noticed Prince Ribbit
  7753 | D:8      | Killed Prince Ribbit
  7842 | D:8      | Noticed Harold
  7927 | D:8      | Killed Harold
  7927 | D:8      | Reached skill level 12 in Polearms
  7927 | D:8      | Reached XP level 10. HP: 49/79 MP: 5/15
  8862 | D:8      | Noticed Gastronok
  9522 | D:8      | Killed Gastronok
  9522 | D:8      | Reached skill level 13 in Polearms
  9941 | D:9      | Found Zolodaoj's Magic Scroll Emporium.
  9954 | D:9      | Found Assog's Antique Armour Emporium.
 10056 | D:9      | Found Egoaq's Jewellery Shoppe.
 10061 | D:9      | Found Qoykkis's Gadget Boutique.
 10145 | D:9      | Reached skill level 14 in Polearms
 10161 | D:9      | Reached XP level 11. HP: 87/87 MP: 5/17
 10338 | D:9      | Found Iraptasch's Antique Armour Boutique.
 10338 | D:9      | Noticed a purple ugly thing
 10349 | D:9      | Killed a purple ugly thing
 10425 | D:9      | Found a staircase to the Orcish Mines.
 11188 | D:9      | Reached skill level 10 in Dodging
 11612 | D:10     | Entered Level 10 of the Dungeon
 11750 | D:10     | Found Jibbodaw's Gadget Boutique.
 12156 | D:10     | Noticed a lindwurm
 12345 | D:10     | Noticed a lindwurm
 12346 | D:10     | Noticed a lindwurm
 12371 | D:10     | Reached ***** piety under Lugonu
 12454 | D:10     | Reached skill level 15 in Polearms
 12911 | D:10     | Noticed a lindwurm
 13409 | D:11     | Found a staircase to the Lair.
 13420 | D:11     | Noticed a manticore
 13430 | D:11     | Killed a manticore
 13704 | D:11     | Found a deep blue altar of Sif Muna.
 13705 | D:11     | Found a shimmering altar of Xom.
 13815 | D:11     | Found a bloodstained altar of Trog.
 13815 | D:11     | Found a stormy altar of Qazlal.
 13818 | D:11     | Noticed a cyan ugly thing
 13832 | D:11     | Killed a cyan ugly thing
 13832 | D:11     | Reached XP level 12. HP: 50/97 MP: 19/19
 14051 | D:11     | Noticed Maurice
 14064 | D:11     | Killed Maurice
 14064 | D:11     | Reached skill level 16 in Polearms
 14249 | D:11     | Noticed Nergalle
 14269 | D:11     | Killed Nergalle
 14346 | D:11     | Reached skill level 10 in Fighting
 14361 | D:11     | Identified the Catalogue of Helpful Toxins
 14370 | D:11     | Got a polished chain mail
 14402 | D:11     | Identified the cursed +1 chain mail of an ice cave {rF- MR-
                  | rCorr Str+9} (You found it on level 11 of the Dungeon)
 14670 | D:12     | Noticed a two-headed ogre
 14679 | D:12     | Killed a two-headed ogre
 14893 | D:12     | Noticed a two-headed ogre
 14900 | D:12     | Killed a two-headed ogre
 14900 | D:12     | Reached skill level 10 in Invocations
 14973 | D:12     | Noticed a seven-headed hydra
 14986 | D:12     | Killed a seven-headed hydra
 16484 | D:13     | Reached XP level 13. HP: 60/106 MP: 21/21
 16487 | D:13     | Reached ****** piety under Lugonu
 17480 | D:13     | Found a gate to the Vaults.
 17480 | D:13     | Noticed a vault guard
 17480 | D:13     | Noticed a vault guard
 17480 | D:13     | Noticed a vault guard
 17586 | D:13     | Killed a vault guard
 17612 | D:13     | Killed a vault guard
 17695 | D:13     | Killed a vault guard
 17858 | D:13     | Found a corrupted altar of Lugonu.
 18879 | D:14     | Noticed Snorg
 18925 | D:13     | Killed Snorg
 19620 | D:15     | Entered Level 15 of the Dungeon
 19626 | D:15     | Found a transporter.
 19713 | D:15     | Found Nuehusch's Food Emporium.
 19924 | D:15     | Found a transporter.
 20391 | D:15     | Reached XP level 14. HP: 70/116 MP: 23/23
 20598 | D:15     | Reached skill level 1 in Shields
 21233 | D:15     | Noticed DavidChitty2's ghost (journeyman HOAK)
 21234 | D:15     | Identified the +5 great mace "Death Rattle" {flame, MP+9
                  | Str-3 Dex+8}
 21234 | D:15     | Noticed a fire giant
 21280 | D:15     | Noticed an emperor scorpion
 21752 | Orc:1    | Entered Level 1 of the Orcish Mines
 21860 | Lair:1   | Entered Level 1 of the Lair of Beasts
 22622 | Lair:1   | Reached skill level 15 in Dodging
 24380 | Lair:2   | Found a staircase to the Snake Pit.
 24483 | Lair:2   | Found a staircase to the Shoals.
 25638 | Lair:3   | Reached skill level 17 in Polearms
 28288 | Lair:6   | Entered Level 6 of the Lair of Beasts
 28306 | Lair:6   | Found a runed translucent door.
 28307 | Lair:6   | Found a viscous altar of Jiyva.
 28995 | Lair:6   | Reached XP level 15. HP: 90/125 MP: 25/25
 30312 | Lair:6   | Found a large runed translucent door.
 31227 | Lair:6   | Found a large runed translucent door.
 31291 | Lair:6   | Reached skill level 18 in Polearms
 31300 | Lair:6   | Found a staircase to the Slime Pits.
 31803 | D:6      | Bought the +27 Lear's hauberk for 1691 gold pieces
 31803 | D:6      | Found the +27 Lear's hauberk
 31920 | Orc:1    | Noticed Erica
 31923 | Orc:1    | Noticed Josephine
 31943 | D:9      | Killed Erica
 32095 | Orc:1    | Killed Josephine
 32367 | Orc:2    | Entered Level 2 of the Orcish Mines
 32378 | Orc:2    | Found a staircase to the Elven Halls.
 32982 | Orc:2    | Found a roughly hewn altar of Beogh.
 33445 | Orc:2    | Found a roughly hewn altar of Beogh.
 33463 | Orc:2    | Found Zexaurri's Gadget Shop.
 33512 | Orc:2    | Noticed an orc warlord
 33751 | Orc:2    | Found a roughly hewn altar of Beogh.
 33752 | Orc:2    | Found Rado Paseh's Jewellery Shoppe.
 34115 | Orc:2    | Found a roughly hewn altar of Beogh.
 34162 | Orc:2    | Found a roughly hewn altar of Beogh.
 34234 | Orc:2    | Found Myetes's Antique Armour Emporium.
 34244 | Orc:2    | Found Memit's Antique Weapon Shoppe.
 34245 | Orc:2    | Found a roughly hewn altar of Beogh.
 34259 | Orc:2    | Bought a jewelled glaive for 379 gold pieces
 34263 | Orc:2    | Identified the +8 glaive of the Mosquito {drain, rF+ rC-
                  | Int+5} (You bought it in a shop on level 2 of the Orcish
                  | Mines)
 34322 | Orc:2    | Killed an orc warlord
 34513 | Orc:2    | Found a roughly hewn altar of Beogh.
 34742 | Snake:1  | Entered Level 1 of the Snake Pit
 34742 | Snake:1  | Found Tihic's Assorted Antiques.
 34767 | Lair:2   | HP: 3/190 [naga sharpshooter/bolt (10)]
 34767 | Lair:2   | Shot with a bolt by a naga sharpshooter

Levels and vault maps discovered:
D:1:      minmay_arrival_glassed_features, layout_basic, serial_glass,
          glass_columns_b, glass_columns_c
D:2:      layout_rooms, grunt_temple_overflow_open,
          chequers_serial_rivers_room_b
D:3:      layout_rooms, first_ration
D:4:      layout_loops_cross
D:5:      layout_cave_pools, kennysheep_pointless_box
D:6:      layout_loops_corners, grunt_temple_overflow_octagram, vehumet_statue,
          minmay_temple_entry_large_hall, serial_shops, nicolae_shop_crystal,
          shop, kennysheep_little_box, shop, ebering_ghost_rock_garden,
          grunt_ministairs_12
D:7:      layout_gridville, kennysheep_mini_moat, the_bakery, uniq_pikel,
          uniq_crazy_yiuf_cottage, uniq_duvessa
D:8:      layout_loops_ring, hellmonk_ghost_happy_afterlife, basic_altar,
          hangedman_decor_riveting, uniq_gastronok, uniq_prince_ribbit1,
          uniq_harold
D:9:      layout_roguey, kennysheep_orc_monster_closet_entryway, serial_shops,
          nicolae_shop_trees, shop, shop, shop, nicolae_shop_behind_doors
D:10:     layout_gridville, serial_shops, nicolae_shop_crystal,
          minmay_lindwurm_lava
D:11:     minmay_the_grid_octo_2x2 [minmay_the_grid_octo_shrine,
          minmay_the_grid_octo_tetromino_candy, minmay_the_grid_octo_empty,
          minmay_the_grid_octo_prize_single_spiral], layout_rooms,
          david_lair_generic, roderic_malta_cross, uniq_nergalle, uniq_maurice
D:12:     layout_roguey, onia_ninara_cookie
D:13:     layout_basic, grunt_vaults_entry_tiered, special_room
          [special_room_orc], tgw_lugonu_bribe
D:14:     layout_cave_pools, uniq_snorg
D:15:     hangedman_depths_entry_try_elsewhere_first, layout_cave_pods,
          serial_park_paths [serial_park_minivault_5x5_2],
          gammafunk_ghost_smash, serial_shops, shop, chequers_jeans,
          kennysheep_inner_square
Temple:   eino_wide_crystal_templ
Lair:1:   lemuel_reptile_caves, layout_hall_layers,
          chequers_serial_rivers_marsh, hangedman_lair_unloving_vines,
          infiniplex_staircase_pool
Lair:2:   layout_roguey, minmay_shoals_entry_beasts,
          minmay_snake_entry_guardpost_medium, serial_bayou_shore_b,
          serial_bayou_shore_a
Lair:3:   layout_misc_corridors, special_room [special_room_bee],
          small_statue_intersection, grunt_forest_stairs_clearing
Lair:4:   layout_cave_shapes
Lair:5:   layout_cave_pods, grunt_megastairs_3, lemuel_fruit_fields
Lair:6:   cheibrodos_lair_end_hotspot, layout_regular_city, slime_altar_2
Snake:1:  layout_rooms, serial_shops, shop_fountains, minmay_shoptagon
Orc:1:    layout_diamond_mine, uniq_josephine, uniq_erica
Orc:2:    grunt_orc_community_town_hall, layout_caves,
          grunt_orc_community_big_house_2, grunt_orc_community_big_house_1,
          grunt_orc_community_house_1, grunt_orc_community_house_1,
          grunt_orc_community_house_3, grunt_orc_community_house_2,
          grunt_orc_community_house_2, grunt_orc_community_house_2,
          statue_in_the_mist_lemuel
Abyss:1

Skill      XL: |  1  2  3  4  5  6  7  8  9 10 11 12 13 14 15 |
---------------+----------------------------------------------+-----
Dodging        | 3 4 5 6 8 9 11 12 14 15 16 | 16.8
Armour         | 1 2 3 |  3.4
Polearms       | 4 5 6 7 10 12 14 15 16 17 18 | 18.5
Invocations    | 3 4 5 7 8 9 11 12 13 14 | 14.5
Fighting       | 4 5 6 7 8 9 11 12 13 14 | 14.7
Shields        | 4 |  4.0

Action                   |  1- 3 |  4- 6 |  7- 9 | 10-12 | 13-15 || total
-------------------------+-------+-------+-------+-------+-------++-------
Melee: Spear             |   137 |   222 |   723 |   284 |       ||  1366
       Dagger            |       |     8 |       |       |       ||     8
       Trident           |       |       |       |   790 |   793 ||  1583
       Halberd           |       |       |       |    65 |       ||    65
       Tailslap          |       |       |       |       |    24 ||    24
       Bardiche          |       |       |       |       |   971 ||   971
       Glaive            |       |       |       |       |    59 ||    59
Invok: Depart the Abyss  |     1 |       |       |       |       ||     1
  Use: Potion            |     1 |     4 |     6 |     2 |     6 ||    19
       Scroll            |       |     5 |    16 |     4 |    12 ||    37
 Stab: Sleeping          |       |     1 |       |       |       ||     1
       Invisible         |       |       |     4 |       |       ||     4
       Distracted        |       |       |       |       |     1 ||     1
  Eat: Chunk             |       |     5 |    17 |    25 |    43 ||    90
       Ration            |       |       |       |     1 |     5 ||     6
Armor: Leather armour    |    32 |    29 |    49 |       |       ||   110
       Ring mail         |       |       |    62 |    43 |       ||   105
       Chain mail        |       |       |       |   204 |   736 ||   940
       Steam dragon scal |       |       |       |       |    15 ||    15
Dodge: Dodged            |    64 |   143 |   338 |   409 |  1157 ||  2111
Block: Buckler           |       |       |       |       |    18 ||    18

Table legend:
 A = Non-vault XP
 B = Vault XP
 C = Vault XP percentage of total XP
 D = Non-vault monster count
 E = Vault monster count
 F = Vault count percentage of total count
                 A         B        C        D         E       F
            +---------+---------+-------+---------+---------+-------
      Total |   74169 |   49356 |  40.0 |     544 |     278 |  33.8
            +---------+---------+-------+---------+---------+-------
        D:1 |      18 |       0 |   0.0 |      12 |       0 |   0.0
        D:2 |      45 |       0 |   0.0 |      14 |       0 |   0.0
        D:3 |     334 |       0 |   0.0 |      32 |       0 |   0.0
        D:4 |     505 |       0 |   0.0 |      26 |       0 |   0.0
        D:5 |     181 |       0 |   0.0 |      18 |       0 |   0.0
        D:6 |     577 |     284 |  33.0 |      28 |       7 |  20.0
        D:7 |    1419 |     939 |  39.8 |      22 |       3 |  12.0
        D:8 |     583 |    3912 |  87.0 |      18 |       4 |  18.2
        D:9 |    1704 |    2876 |  62.8 |      14 |      23 |  62.2
       D:10 |    2792 |       0 |   0.0 |      45 |       0 |   0.0
       D:11 |    3395 |    2473 |  42.1 |      23 |       8 |  25.8
       D:12 |    5041 |    4548 |  47.4 |      32 |      24 |  42.9
       D:13 |    8466 |   11437 |  57.5 |      43 |      44 |  50.6
       D:14 |    2357 |       0 |   0.0 |      12 |       0 |   0.0
       D:15 |    4263 |       0 |   0.0 |      17 |       0 |   0.0
     Lair:1 |    2637 |    1251 |  32.2 |      10 |      27 |  73.0
     Lair:2 |    6535 |    1429 |  17.9 |      32 |       6 |  15.8
     Lair:3 |    4621 |    2466 |  34.8 |      21 |      26 |  55.3
     Lair:4 |    2417 |       0 |   0.0 |       7 |       0 |   0.0
     Lair:5 |   10437 |    1195 |  10.3 |      36 |       5 |  12.2
     Lair:6 |    5703 |    6951 |  54.9 |      21 |      29 |  58.0
    Snake:1 |    1810 |       0 |   0.0 |       2 |       0 |   0.0
      Orc:1 |    1737 |    1300 |  42.8 |      21 |       2 |   8.7
      Orc:2 |    6592 |    8295 |  55.7 |      38 |      70 |  64.8
            +---------+---------+-------+---------+---------+-------
